Map: Magannatha LE

Players

Greenert

  • Race: Terran Terran
  • League: Master
  • Spawn Location: 11:00

SpeCial - Winner!

  • Race: Terran Terran
  • League: Master
  • Spawn Location: 5:00

VOD

Have the link to the VOD?

Description

Time

  • Played on: Nov. 10, 2025, 8:05 p.m.
  • Length: 8:29
Show
View Real Time Build Order
Export as new Build Order

Greenert Terran 

Build Orders:  

Get SALT Encoding   

  12  0:00  SCV  
  13  0:12  SCV  
  14  0:16  Supply Depot  
  14  0:24  SCV  
  15  0:38  SCV  
  15  0:39  Barracks  
  16  0:44  Refinery  
  16  0:50  SCV  
  16  0:54  Refinery  
  17  1:02  SCV  
  18  1:14  SCV  
  19  1:25  Reaper  
  19  1:26  Orbital Command  
  19  1:30  Supply Depot  
  20  1:41  Factory  
  20  1:52  SCV  
  21  1:58  Reaper  
  22  2:04  SCV  
  23  2:19  Command Center  
  23  2:21  SCV  
  24  2:26  Hellion  
  26  2:32  Barracks Reactor  
  26  2:33  SCV  
  27  2:40  Starport  
  27  2:45  SCV  
  27  2:47  Factory Tech Lab  
  28  2:53  Supply Depot  
  28  2:57  SCV  
  29  3:09  Marine  
  29  3:10  Marine  
  31  3:14  SCV, Siege Tank  
  31  3:19  Starport Tech Lab  
  35  3:24  Refinery  
  35  3:27  SCV  
  36  3:31  Marine x2  
  35  3:34  Orbital Command  
  35  3:40  Raven  
  36  3:45  SCV  
  35  3:55  Marine x2  
  36  3:58  SCV  
  37  4:05  SCV, Siege Tank  
  41  4:10  SCV  
  41  4:12  Marine  
  41  4:13  Marine  
  44  4:17  SCV  
  44  4:19  Supply Depot  
  44  4:23  SCV, Raven  
  48  4:29  SCV  
  49  4:34  Marine x2  
  49  4:35  SCV  
  52  4:40  Siege Tank  
  52  4:41  SCV  
  52  4:42  Supply Depot  
  56  4:47  SCV  
  57  4:54  SCV, Marine x2  
  57  4:57  Raven  
  62  5:03  SCV  
  62  5:05  Interference Matrix, Supply Depot x2  
  62  5:06  SCV  
  64  5:14  Marine x2  
  64  5:15  SCV  
  64  5:18  SCV  
  68  5:26  Siege Tank  
  68  5:27  SCV  
  72  5:28  Supply Depot  
  72  5:30  SCV  
  72  5:35  Command Center  
  73  5:40  SCV  
  73  5:42  SCV  
  75  5:43  Marine x2  
  75  5:47  Barracks  
  77  5:51  Barracks  
  77  5:54  SCV x2  
  79  5:57  Refinery  
  79  6:00  Siege Tank  
  79  6:03  Marine  
  79  6:04  Marine  
  84  6:06  Supply Depot  
  84  6:07  SCV  
  84  6:08  SCV  
  86  6:19  SCV  
  86  6:20  SCV  
  86  6:21  Marine x2  
  87  6:27  Starport Reactor  
  87  6:33  Engineering Bay, Siege Tank  
  87  6:34  Engineering Bay  
  87  6:39  Barracks Reactor  
  75  6:48  Marine x2  
  75  6:49  Marine  
  75  6:51  Orbital Command  
  73  7:02  Barracks  
  73  7:04  Barracks  
  73  7:05  Siege Tank  
  75  7:13  Marine x3  
  68  7:18  Marine x2  
  55  7:30  Marine x2  
  55  7:31  Marine  
  55  7:34  SCV x2  
  55  7:37  Marine x2, Siege Tank  
  57  7:48  SCV, Marine  
  59  7:54  Marine x2  
  59  7:55  Marine  
  60  8:00  SCV  
  60  8:02  Marine  
  39  8:09  Marine x2  
Show
View Real Time Build Order
Export as new Build Order

SpeCial Terran - Winner!

Build Orders:  

Get SALT Encoding   

  12  0:00  SCV  
  13  0:12  SCV  
  14  0:17  Supply Depot  
  14  0:24  SCV  
  15  0:38  SCV  
  15  0:40  Barracks  
  16  0:43  Refinery  
  16  0:50  SCV  
  16  0:53  Refinery  
  17  1:03  SCV  
  18  1:15  SCV  
  19  1:28  Orbital Command, Reaper  
  19  1:30  Supply Depot  
  20  1:43  Factory  
  20  1:54  SCV  
  20  2:00  Reaper  
  22  2:06  SCV  
  23  2:17  Command Center  
  23  2:18  SCV  
  24  2:26  Hellion  
  26  2:30  SCV  
  26  2:32  Reaper  
  28  2:37  Starport  
  28  2:42  SCV  
  29  2:45  Supply Depot  
  29  2:50  Hellion  
  31  3:05  Barracks Reactor  
  31  3:07  SCV  
  31  3:12  Factory Tech Lab  
  32  3:15  Starport Tech Lab  
  32  3:18  Refinery  
  32  3:19  SCV  
  33  3:31  SCV  
  33  3:33  Cyclone  
  35  3:35  Orbital Command  
  35  3:43  SCV  
  35  3:47  Marine  
  37  3:49  Marine  
  39  3:55  Raven  
  39  3:56  SCV  
  40  4:05  SCV  
  40  4:08  SCV  
  42  4:14  Command Center, Siege Tank  
  45  4:20  SCV x2  
  45  4:21  Marine x2  
  49  4:30  Raven  
  49  4:31  Interference Matrix, Supply Depot  
  51  4:32  SCV  
  51  4:35  SCV  
  53  4:46  SCV  
  53  4:52  SCV, Marine x2, Siege Tank  
  60  4:55  Supply Depot  
  60  4:58  SCV  
  61  5:04  SCV  
  62  5:16  SCV, Marine x2  
  62  5:17  SCV, Raven  
  62  5:18  Supply Depot  
  62  5:19  Supply Depot  
  68  5:26  Siege Tank  
  68  5:27  Orbital Command  
  71  5:33  SCV x2  
  73  5:44  Supply Depot  
  73  5:46  SCV x2  
  73  5:48  Barracks  
  73  5:49  Barracks  
  73  5:50  Orbital Command  
  73  5:58  SCV, Siege Tank  
  73  6:01  Stimpack, Marine  
  73  6:03  Viking x2  
  82  6:04  SCV  
  82  6:07  Refinery  
  82  6:10  SCV  
  84  6:26  SCV x2, Marine  
  84  6:30  SCV, Siege Tank  
  91  6:33  Viking  
  91  6:38  SCV  
  94  6:43  Viking  
  94  6:44  SCV x2, Marine  
  96  6:47  Barracks Reactor  
  96  6:50  SCV  
  96  6:52  Barracks Reactor  
  96  6:53  Engineering Bay x2  
  97  6:56  SCV  
  97  6:58  SCV  
  97  7:01  Refinery x2  
  99  7:02  Marine  
  99  7:03  Viking, SCV, Supply Depot  
  102  7:08  SCV  
  102  7:12  SCV  
  102  7:13  Viking  
  93  7:16  SCV  
  93  7:20  Marine  
  93  7:21  SCV  
  96  7:24  SCV  
  96  7:28  SCV  
  94  7:30  Marine x3  
  94  7:31  Marine  
  94  7:33  Viking  
  97  7:37  Barracks  
  97  7:38  SCV x2, Marine  
  97  7:39  Barracks  
  97  7:43  Viking  
  102  7:44  Supply Depot  
  102  7:48  Marine x4  
  102  7:51  Siege Tank  
  109  7:55  Marine  
  110  8:01  SCV  
  110  8:05  SCV  
  105  8:06  Marine x4  
  105  8:08  SCV  
  105  8:11  Supply Depot  
  109  8:13  SCV  
Tags
 
Matchup
TvT
Player
SpeCial
Race
Terran
Replay Pack
specialsc2
Spawn Locations
Cross Positions
Add a new tag
Caveats
  • Supply blocks, unpowered buildings, or Contaminate may cause inaccurate times.
  • Supply counts are checked every 10 seconds.